cohdb
Replays
Latest Replays
All Replays
Popular Replays
Top Player Replays
Match Explorer
How It Works
Community
CoH3 Stats
Reddit
Sign in to upload your games and track your stats! →
Sign in with Steam
Match 43796825
Unlisted
Match 43796825
Overview
Messages
Build Orders
End
Selects Luftwaffe Battlegroup
Selects Luftwaffe Pioneer Support
Fallschirmpioneer Squad Paradrop
Construct Infanterie Kompanie
MG 42 Machine Gun Team
MG 42 Machine Gun Team
Selects Stuka Strafing Run
Stuka Strafing Run
Construct Luftwaffe Kompanie
Selects Fallschirmjäger Squad Paradrop
Stuka Strafing Run
Support Elements
Fallschirmpioneer Squad Paradrop
Stuka Strafing Run
Fallschirmpioneer Squad Paradrop
Wirbelwind Flakpanzer
Luftwaffe Officer Quarters
Construct Panzergrenadier Kompanie
Joraad
Gloomfoe
DOWGHNER-KR
Reece
2dabosslee437
gunner9804
ed920704
forcz
0
0
Comments
sign in to comment!
No comments posted yet!